[ AOE2 MATCH · #467978133 ]
Team RMVietnamese vs Slavs
[ REPLAY ANALYSIS · EXTRACTED FROM THE RECORDED GAME ]
Feudal
13:28
Castle
21:48
Imperial
33:24
| APM avg | 13.3 |
| APM peak | 35 |
| eAPM avg | 10.3 |
| Villagers / military | 149 / 277 |
Focus
⚔️ 25.9% · 🌾 74.1%
Rattan Archer ×174 · Fire Lancer ×94 · Trebuchet (Packed) ×9 · Trade Cart ×9
Feudal
12:24
Castle
18:45
Imperial
34:10
| APM avg | 18.0 |
| APM peak | 49 |
| eAPM avg | 14.2 |
| Villagers / military | 167 / 155 |
Focus
⚔️ 29.6% · 🌾 70.4%
Teutonic Knight ×110 · Trade Cart ×33 · Mangonel ×25 · Bombard Cannon ×16 · Monk ×2 · Battering Ram ×2
Feudal
12:39
Castle
18:05
Imperial
31:31
| APM avg | 26.2 |
| APM peak | 116 |
| eAPM avg | 22.1 |
| Villagers / military | 116 / 594 |
Focus
⚔️ 63.0% · 🌾 37.0%
Spearman ×399 · Boyar ×131 · Scorpion ×41 · Trade Cart ×16 · Mangonel ×14 · Trebuchet (Packed) ×8
Feudal
13:47
Castle
21:31
Imperial
38:10
| APM avg | 20.5 |
| APM peak | 87 |
| eAPM avg | 15.8 |
| Villagers / military | 130 / 809 |
Focus
⚔️ 40.2% · 🌾 59.8%
Spearman ×320 · Scout Cavalry ×204 · Militia ×120 · Samurai ×116 · Battering Ram ×41 · Fishing Ship ×11
Feudal
—
Castle
—
Imperial
—
| APM avg | 38.7 |
| APM peak | 83 |
| eAPM avg | 23.8 |
| Villagers / military | 144 / 485 |
Focus
⚔️ 45.2% · 🌾 54.8%
Mameluke ×187 · Skirmisher ×159 · Scout Cavalry ×92 · Bombard Cannon ×35 · Trade Cart ×14 · Fishing Ship ×9
Feudal
12:50
Castle
20:05
Imperial
34:04
| APM avg | 40.8 |
| APM peak | 101 |
| eAPM avg | 24.9 |
| Villagers / military | 203 / 501 |
Focus
⚔️ 27.7% · 🌾 72.3%
Scout Cavalry ×271 · Skirmisher ×143 · Scorpion ×72 · Fishing Ship ×7 · Mangonel ×5 · Trebuchet (Packed) ×4
Feudal
9:31
Castle
13:01
Imperial
32:01
| APM avg | 33.4 |
| APM peak | 84 |
| eAPM avg | 17.5 |
| Villagers / military | 210 / 391 |
Focus
⚔️ 40.8% · 🌾 59.2%
Spearman ×229 · Scorpion ×95 · Battle Elephant ×37 · Trade Cart ×37 · Scout Cavalry ×10 · Trebuchet (Packed) ×7
Feudal
10:49
Castle
19:02
Imperial
34:25
| APM avg | 38.9 |
| APM peak | 149 |
| eAPM avg | 28.6 |
| Villagers / military | 142 / 455 |
Focus
⚔️ 48.9% · 🌾 51.1%
Archer ×240 · War Elephant ×200 · Trade Cart ×17 · Petard ×12 · Fishing Ship ×7 · Transport Ship ×1
Match map
Initial resources + every placement click. Lines = walls · curves = elevation contours. ◆ gold · ⬟ stone · ● berries · ✦ relic · ◌ wall gap
Your base· ✓ Closed at 21:48 · 25t walls · no gate
Sargez's base· ✓ Closed at 18:45 · 53t walls · 2 gate(s)
hmmm's base· ✓ Closed at 18:05 · 58t walls · 1 gate(s)
Gyllnyllet's base· ✓ Closed at 21:31 · 46t walls · no gate
KDTS Gerry's base· ✓ Closed at 13:41 · 0t walls · no gate
xiaopengyu528's base· Open — opponent sealed themselves in
8Kram's base· ✓ Closed at 13:01 · 0t walls · no gate
SickkotzBert's base· Open — opponent sealed themselves in
Smoothed initial terrain · ◌ = detected wall gap · hover for details
Inputs per minute
— FettNasty - - Sargez
Build order — FettNasty
First 150 of 410 actions detected
| 0:04 | Build | House |
| 0:13 | Create | Villager (Male) |
| 0:14 | Create | Villager (Male) |
| 0:14 | Create | Villager (Male) |
| 0:14 | Create | Villager (Male) |
| 0:50 | Build | Palisade Wall |
| 2:14 | Build | Palisade Wall |
| 2:22 | Create | Villager (Male) |
| 2:22 | Create | Villager (Male) |
| 2:49 | Create | Villager (Male) |
| 2:56 | Build | House |
| 3:12 | Create | Villager (Male) |
| 3:34 | Create | Villager (Male) |
| 3:53 | Build | Mill |
| 3:55 | Create | Villager (Male) |
| 4:55 | Create | Villager (Male) |
| 5:05 | Create | Villager (Male) |
| 5:52 | Build | House |
| 6:03 | Create | Villager (Male) |
| 6:04 | Create | Villager (Male) |
| 6:23 | Build | House |
| 6:27 | Build | House |
| 6:29 | Build | House |
| 6:56 | Create | Villager (Male) |
| 6:56 | Create | Villager (Male) |
| 7:14 | Create | Villager (Male) |
| 7:14 | Create | Villager (Male) |
| 7:22 | Build | House |
| 7:36 | Create | Villager (Male) |
| 7:36 | Create | Villager (Male) |
| 8:34 | Build | Lumber Camp |
| 8:42 | Create | Villager (Male) |
| 8:43 | Create | Villager (Male) |
| 8:43 | Create | Villager (Male) |
| 8:43 | Create | Villager (Male) |
| 8:55 | Create | Villager (Male) |
| 9:29 | Create | Villager (Male) |
| 9:51 | Create | Villager (Male) |
| 9:53 | Create | Villager (Male) |
| 9:54 | Create | Villager (Male) |
| 9:57 | Create | Villager (Male) |
| 10:39 | Build | House |
| 10:41 | Build | House |
| 10:46 | Create | Villager (Male) |
| 10:47 | Create | Villager (Male) |
| 11:09 | Research | Feudal Age |
| 11:24 | Build | Mill |
| 12:09 | Build | House |
| 12:11 | Build | House |
| 12:12 | Build | House |
| 12:56 | Build | Farm |
| 12:59 | Build | Farm |
| 13:16 | Build | Farm |
| 13:28 | Age | Feudal Age |
| 13:30 | Create | Villager (Male) |
| 13:30 | Create | Villager (Male) |
| 13:31 | Create | Villager (Male) |
| 13:31 | Create | Villager (Male) |
| 13:31 | Create | Villager (Male) |
| 13:31 | Create | Villager (Male) |
| 13:32 | Create | Villager (Male) |
| 13:32 | Create | Villager (Male) |
| 13:32 | Create | Villager (Male) |
| 13:36 | Research | Wheelbarrow |
| 13:37 | Research | Double-Bit Axe |
| 13:39 | Research | Horse Collar |
| 13:42 | Create | Villager (Male) |
| 13:46 | Build | Mining Camp |
| 13:57 | Build | Farm |
| 14:05 | Create | Villager (Male) |
| 14:05 | Create | Villager (Male) |
| 14:05 | Create | Villager (Male) |
| 14:05 | Create | Villager (Male) |
| 14:06 | Create | Villager (Male) |
| 14:39 | Build | Mining Camp |
| 14:45 | Create | Villager (Male) |
| 14:45 | Create | Villager (Male) |
| 14:59 | Build | Farm |
| 15:00 | Create | Villager (Male) |
| 15:26 | Build | Farm |
| 15:39 | Create | Villager (Male) |
| 15:49 | Build | Farm |
| 16:00 | Build | Market |
| 16:19 | Build | Farm |
| 16:20 | Create | Villager (Male) |
| 16:20 | Create | Villager (Male) |
| 16:21 | Create | Villager (Male) |
| 16:21 | Create | Villager (Male) |
| 16:21 | Create | Villager (Male) |
| 16:22 | Create | Villager (Male) |
| 16:33 | Build | Lumber Camp |
| 16:44 | Build | Blacksmith |
| 16:48 | Build | Farm |
| 17:06 | Build | Farm |
| 17:21 | Build | Mining Camp |
| 17:38 | Create | Villager (Male) |
| 17:39 | Create | Villager (Male) |
| 17:40 | Build | Farm |
| 17:51 | Build | Farm |
| 18:10 | Build | Farm |
| 18:19 | Build | Farm |
| 18:23 | Build | Farm |
| 18:31 | Build | Farm |
| 18:36 | Build | Farm |
| 18:43 | Create | Villager (Male) |
| 18:54 | Build | Farm |
| 18:56 | Research | Castle Age |
| 19:09 | Research | Stone Mining |
| 19:18 | Research | Gold Mining |
| 19:33 | Build | Barracks |
| 19:42 | Research | Forging |
| 20:42 | Research | Padded Archer Armor |
| 20:43 | Research | Fletching |
| 21:24 | Build | House |
| 21:26 | Build | House |
| 21:26 | Build | House |
| 21:28 | Build | House |
| 21:29 | Build | House |
| 21:30 | Build | House |
| 21:38 | Build | Lumber Camp |
| 21:48 | Age | Castle Age |
| 21:49 | Research | Hand Cart |
| 21:50 | Create | Villager (Male) |
| 21:50 | Create | Villager (Male) |
| 21:50 | Create | Villager (Male) |
| 21:51 | Create | Villager (Male) |
| 21:51 | Create | Villager (Male) |
| 22:10 | Build | Town Center |
| 22:14 | Research | Bow Saw |
| 22:33 | Build | Archery Range |
| 22:59 | Research | Stone Shaft Mining |
| 23:09 | Build | Farm |
| 23:14 | Create | Villager (Male) |
| 23:14 | Create | Villager (Male) |
| 23:15 | Create | Villager (Male) |
| 23:15 | Create | Villager (Male) |
| 23:32 | Research | Heavy Plow |
| 23:51 | Build | Farm |
| 23:58 | Build | Farm |
| 24:06 | Create | Villager (Male) |
| 24:06 | Create | Villager (Male) |
| 24:06 | Create | Villager (Male) |
| 24:07 | Create | Villager (Male) |
| 24:07 | Create | Villager (Male) |
| 24:25 | Build | Farm |
| 24:27 | Create | Villager (Male) |
| 24:28 | Create | Villager (Male) |
| 24:29 | Create | Villager (Male) |
| 24:41 | Research | Leather Archer Armor |
| 24:50 | Build | Farm |
Build order — Sargez
First 150 of 614 actions detected
| 0:01 | Research | Loom |
| 0:01 | Research | Loom |
| 0:02 | Create | Villager (Male) |
| 0:02 | Create | Villager (Male) |
| 0:02 | Create | Villager (Male) |
| 0:02 | Create | Villager (Male) |
| 0:03 | Create | Villager (Male) |
| 0:04 | Build | House |
| 0:33 | Build | Palisade Wall |
| 1:34 | Build | Palisade Wall |
| 2:28 | Build | Palisade Wall |
| 2:42 | Create | Villager (Male) |
| 2:42 | Create | Villager (Male) |
| 2:42 | Create | Villager (Male) |
| 3:05 | Create | Villager (Male) |
| 3:05 | Create | Villager (Male) |
| 3:18 | Build | House |
| 4:03 | Create | Villager (Male) |
| 4:03 | Create | Villager (Male) |
| 4:03 | Create | Villager (Male) |
| 4:06 | Build | House |
| 4:08 | Build | House |
| 4:09 | Build | House |
| 5:00 | Create | Villager (Male) |
| 5:00 | Create | Villager (Male) |
| 5:49 | Create | Villager (Male) |
| 5:49 | Create | Villager (Male) |
| 6:25 | Create | Villager (Male) |
| 6:30 | Build | Lumber Camp |
| 6:53 | Create | Villager (Male) |
| 7:13 | Create | Villager (Male) |
| 7:32 | Create | Villager (Male) |
| 7:32 | Create | Villager (Male) |
| 8:07 | Create | Villager (Male) |
| 8:08 | Create | Villager (Male) |
| 9:06 | Build | Mill |
| 9:37 | Create | Villager (Male) |
| 10:14 | Research | Feudal Age |
| 12:24 | Age | Feudal Age |
| 12:24 | Create | Villager (Male) |
| 12:24 | Create | Villager (Male) |
| 12:34 | Build | Stone Wall |
| 12:38 | Build | Gate |
| 12:52 | Build | Stone Wall |
| 12:55 | Build | Gate |
| 13:08 | Build | Mining Camp |
| 13:16 | Build | Market |
| 13:18 | Create | Villager (Male) |
| 13:19 | Create | Villager (Male) |
| 14:05 | Create | Villager (Male) |
| 14:06 | Create | Villager (Male) |
| 14:08 | Create | Villager (Male) |
| 14:24 | Build | Blacksmith |
| 15:25 | Build | House |
| 15:27 | Build | House |
| 16:05 | Research | Castle Age |
| 16:05 | Research | Castle Age |
| 16:06 | Research | Castle Age |
| 16:45 | Research | Double-Bit Axe |
| 18:07 | Build | Mining Camp |
| 18:20 | Research | Wheelbarrow |
| 18:35 | Build | Mill |
| 18:37 | Build | Farm |
| 18:38 | Build | Farm |
| 18:45 | Age | Castle Age |
| 18:49 | Create | Villager (Male) |
| 18:50 | Create | Villager (Male) |
| 18:50 | Create | Villager (Male) |
| 18:50 | Create | Villager (Male) |
| 18:51 | Create | Villager (Male) |
| 18:51 | Create | Villager (Male) |
| 18:51 | Create | Villager (Male) |
| 19:19 | Build | Stone Wall |
| 19:28 | Build | Stone Wall |
| 19:45 | Build | Stone Wall |
| 19:55 | Build | Farm |
| 19:58 | Build | Farm |
| 20:04 | Build | Mill |
| 20:05 | Build | Farm |
| 20:06 | Build | Farm |
| 20:12 | Build | Mill |
| 20:14 | Build | Farm |
| 20:42 | Build | Monastery |
| 21:02 | Build | House |
| 21:04 | Build | House |
| 21:06 | Build | House |
| 21:08 | Build | House |
| 21:29 | Build | Farm |
| 21:36 | Build | Farm |
| 21:36 | Build | Farm |
| 21:41 | Build | Farm |
| 21:48 | Create | Monk |
| 22:05 | Build | University |
| 22:07 | Build | House |
| 22:14 | Create | Villager (Male) |
| 22:29 | Build | Farm |
| 22:58 | Create | Monk |
| 23:31 | Create | Villager (Male) |
| 23:31 | Create | Villager (Male) |
| 23:41 | Research | Bow Saw |
| 23:49 | Build | Town Center |
| 24:16 | Research | Gold Mining |
| 24:30 | Build | Stone Wall |
| 24:33 | Build | Gate |
| 24:37 | Build | Gate |
| 24:51 | Build | House |
| 24:52 | Build | House |
| 24:54 | Build | House |
| 24:55 | Build | House |
| 25:01 | Create | Villager (Male) |
| 25:01 | Create | Villager (Male) |
| 25:04 | Create | Villager (Male) |
| 25:04 | Create | Villager (Male) |
| 25:04 | Create | Villager (Male) |
| 25:20 | Build | Farm |
| 25:22 | Build | Farm |
| 25:23 | Build | Farm |
| 25:24 | Build | Farm |
| 25:25 | Build | Farm |
| 25:31 | Create | Villager (Male) |
| 25:31 | Create | Villager (Male) |
| 26:19 | Build | Stone Wall |
| 26:24 | Build | Gate |
| 26:28 | Build | Gate |
| 26:32 | Create | Villager (Male) |
| 26:33 | Create | Villager (Male) |
| 26:35 | Create | Villager (Male) |
| 26:35 | Create | Villager (Male) |
| 26:36 | Create | Villager (Male) |
| 26:43 | Research | Stone Mining |
| 26:45 | Research | Hand Cart |
| 26:54 | Build | House |
| 26:56 | Build | House |
| 26:57 | Build | House |
| 26:58 | Build | House |
| 27:04 | Create | Villager (Male) |
| 27:04 | Create | Villager (Male) |
| 27:04 | Create | Villager (Male) |
| 27:14 | Research | Fortified Wall (upgrade) |
| 27:27 | Build | Mill |
| 27:29 | Build | Farm |
| 27:29 | Build | Farm |
| 27:29 | Build | Farm |
| 27:30 | Build | Farm |
| 27:30 | Build | Farm |
| 27:30 | Build | Farm |
| 27:30 | Build | Farm |
| 27:47 | Build | Mining Camp |
| 28:00 | Build | Stone Wall |
| 28:04 | Build | Gate |
Build order — hmmm
First 150 of 925 actions detected
| 0:03 | Build | House |
| 0:06 | Build | House |
| 0:07 | Research | Loom |
| 0:07 | Create | Villager (Male) |
| 0:07 | Create | Villager (Male) |
| 0:07 | Create | Villager (Male) |
| 0:08 | Create | Villager (Male) |
| 0:29 | Build | Palisade Wall |
| 0:45 | Build | Palisade Wall |
| 1:09 | Build | House |
| 1:52 | Build | Palisade Wall |
| 2:01 | Build | Palisade Wall |
| 2:40 | Create | Villager (Male) |
| 2:53 | Build | Palisade Wall |
| 3:32 | Create | Villager (Male) |
| 3:54 | Create | Villager (Male) |
| 4:05 | Build | House |
| 4:12 | Create | Villager (Male) |
| 4:39 | Build | House |
| 4:51 | Create | Villager (Male) |
| 4:51 | Create | Villager (Male) |
| 5:30 | Build | House |
| 5:35 | Build | Palisade Wall |
| 5:43 | Create | Villager (Male) |
| 5:43 | Create | Villager (Male) |
| 6:22 | Create | Villager (Male) |
| 6:22 | Create | Villager (Male) |
| 6:56 | Build | Mill |
| 7:39 | Create | Villager (Male) |
| 7:51 | Build | Lumber Camp |
| 8:18 | Create | Villager (Male) |
| 8:19 | Create | Villager (Male) |
| 8:19 | Create | Villager (Male) |
| 8:19 | Create | Villager (Male) |
| 10:26 | Create | Villager (Male) |
| 10:26 | Create | Villager (Male) |
| 10:26 | Create | Villager (Male) |
| 10:29 | Research | Feudal Age |
| 11:07 | Build | Mining Camp |
| 12:39 | Age | Feudal Age |
| 13:00 | Research | Wheelbarrow |
| 13:12 | Research | Double-Bit Axe |
| 13:21 | Build | Market |
| 13:41 | Create | Villager (Male) |
| 13:41 | Create | Villager (Male) |
| 13:41 | Create | Villager (Male) |
| 13:42 | Create | Villager (Male) |
| 14:35 | Build | Blacksmith |
| 15:22 | Research | Castle Age |
| 16:00 | Build | Farm |
| 16:02 | Build | Farm |
| 16:03 | Build | Farm |
| 16:07 | Build | Farm |
| 16:30 | Build | Mining Camp |
| 16:44 | Build | Farm |
| 17:11 | Build | Stone Wall |
| 17:17 | Build | Gate |
| 17:26 | Research | Stone Mining |
| 18:05 | Age | Castle Age |
| 18:11 | Create | Villager (Male) |
| 18:11 | Create | Villager (Male) |
| 18:11 | Create | Villager (Male) |
| 18:11 | Create | Villager (Male) |
| 18:16 | Research | Bow Saw |
| 18:30 | Create | Trade Cart |
| 18:52 | Build | House |
| 18:54 | Build | House |
| 18:55 | Build | House |
| 19:30 | Build | Farm |
| 19:51 | Build | Outpost |
| 19:58 | Build | Farm |
| 20:02 | Create | Villager (Male) |
| 20:02 | Create | Villager (Male) |
| 20:03 | Create | Villager (Male) |
| 20:36 | Build | Stone Wall |
| 20:40 | Build | Stone Wall |
| 20:48 | Build | Farm |
| 20:57 | Build | Farm |
| 21:00 | Research | Horse Collar |
| 21:10 | Build | Monastery |
| 21:17 | Create | Villager (Male) |
| 21:17 | Create | Villager (Male) |
| 21:21 | Build | Farm |
| 22:04 | Create | Monk |
| 22:18 | Build | Farm |
| 22:22 | Create | Villager (Male) |
| 22:23 | Create | Villager (Male) |
| 22:23 | Create | Villager (Male) |
| 22:23 | Create | Villager (Male) |
| 22:34 | Build | Town Center |
| 22:50 | Build | Farm |
| 22:55 | Create | Villager (Male) |
| 22:56 | Create | Villager (Male) |
| 23:40 | Build | Farm |
| 23:43 | Build | Farm |
| 23:47 | Build | Outpost |
| 24:04 | Create | Villager (Male) |
| 24:04 | Create | Villager (Male) |
| 24:04 | Create | Villager (Male) |
| 24:05 | Create | Villager (Male) |
| 24:08 | Build | Farm |
| 24:33 | Build | Farm |
| 24:44 | Create | Villager (Male) |
| 24:58 | Build | Castle |
| 25:11 | Create | Villager (Male) |
| 25:12 | Create | Villager (Male) |
| 25:12 | Create | Villager (Male) |
| 25:22 | Build | Farm |
| 25:24 | Create | Villager (Male) |
| 25:25 | Create | Villager (Male) |
| 25:25 | Create | Villager (Male) |
| 25:28 | Build | Farm |
| 25:50 | Build | House |
| 25:51 | Build | House |
| 25:53 | Build | House |
| 25:55 | Build | House |
| 25:57 | Build | House |
| 26:00 | Build | House |
| 26:02 | Build | House |
| 26:08 | Create | Villager (Male) |
| 26:08 | Create | Villager (Male) |
| 26:14 | Build | Farm |
| 26:15 | Build | Farm |
| 26:22 | Build | Farm |
| 26:38 | Create | Villager (Male) |
| 26:40 | Create | Villager (Male) |
| 26:41 | Create | Villager (Male) |
| 26:41 | Create | Villager (Male) |
| 26:45 | Build | Farm |
| 26:54 | Build | Farm |
| 27:06 | Create | Villager (Male) |
| 27:06 | Create | Villager (Male) |
| 27:10 | Build | Farm |
| 27:35 | Build | Town Center |
| 27:50 | Build | Gate |
| 28:05 | Build | Farm |
| 28:12 | Research | Imperial Age |
| 28:15 | Create | Villager (Male) |
| 28:15 | Create | Villager (Male) |
| 28:21 | Research | Gold Mining |
| 28:50 | Build | Farm |
| 29:00 | Build | Farm |
| 29:08 | Build | Mill |
| 29:15 | Build | Farm |
| 29:30 | Build | House |
| 29:31 | Build | House |
| 29:32 | Build | House |
| 29:33 | Build | House |
| 29:34 | Build | House |
| 29:50 | Build | Barracks |
Build order — Gyllnyllet
First 150 of 561 actions detected
| 0:09 | Build | House |
| 0:10 | Build | House |
| 0:11 | Create | Villager (Male) ×4 |
| 0:11 | Create | Villager (Male) ×4 |
| 0:43 | Build | Palisade Wall |
| 0:58 | Build | Palisade Wall |
| 2:02 | Build | Palisade Wall |
| 2:08 | Create | Villager (Male) |
| 2:38 | Create | Villager (Male) |
| 3:27 | Create | Villager (Male) |
| 3:27 | Create | Villager (Male) |
| 3:52 | Create | Villager (Male) |
| 3:52 | Create | Villager (Male) |
| 4:21 | Create | Villager (Male) |
| 4:21 | Create | Villager (Male) |
| 4:21 | Create | Villager (Male) |
| 4:26 | Build | House |
| 4:26 | Build | House |
| 4:36 | Build | Lumber Camp |
| 5:13 | Create | Villager (Male) |
| 5:14 | Create | Villager (Male) |
| 5:14 | Create | Villager (Male) |
| 6:11 | Create | Villager (Male) |
| 6:12 | Create | Villager (Male) |
| 6:12 | Create | Villager (Male) |
| 6:12 | Create | Villager (Male) |
| 6:40 | Create | Villager (Male) |
| 6:53 | Build | House |
| 6:56 | Build | House |
| 7:12 | Build | Mill |
| 7:34 | Create | Villager (Male) |
| 7:50 | Build | Mill |
| 7:54 | Create | Villager (Male) |
| 7:54 | Create | Villager (Male) |
| 7:54 | Create | Villager (Male) |
| 7:55 | Create | Villager (Male) |
| 8:29 | Create | Villager (Male) |
| 8:29 | Create | Villager (Male) |
| 9:13 | Create | Villager (Male) |
| 9:39 | Create | Villager (Male) |
| 9:44 | Build | Mining Camp |
| 9:51 | Create | Villager (Male) |
| 10:40 | Build | House |
| 10:42 | Build | House |
| 10:43 | Build | House |
| 11:30 | Research | Feudal Age |
| 11:35 | Create | Villager (Male) |
| 11:35 | Create | Villager (Male) |
| 12:01 | Create | Villager (Male) |
| 12:02 | Create | Villager (Male) |
| 12:20 | Build | Dock |
| 12:27 | Create | Villager (Male) |
| 12:43 | Create | Villager (Male) |
| 12:43 | Create | Villager (Male) |
| 13:37 | Create | Fishing Ship |
| 13:37 | Create | Fishing Ship |
| 13:37 | Create | Fishing Ship |
| 13:47 | Age | Feudal Age |
| 14:01 | Build | Farm |
| 14:02 | Build | Farm |
| 14:02 | Build | Farm |
| 14:02 | Build | Farm |
| 14:02 | Build | Farm |
| 14:04 | Build | Farm |
| 14:05 | Build | Farm |
| 14:25 | Build | Fish Trap |
| 14:50 | Create | Villager (Male) |
| 15:10 | Build | Fish Trap |
| 15:32 | Create | Villager (Male) |
| 15:42 | Research | Double-Bit Axe |
| 15:56 | Build | Fish Trap |
| 16:30 | Create | Villager (Male) |
| 16:33 | Research | Loom |
| 16:40 | Build | Market |
| 17:10 | Build | Blacksmith |
| 17:12 | Create | Fishing Ship |
| 18:03 | Build | Lumber Camp |
| 18:16 | Build | Fish Trap |
| 18:23 | Create | Fishing Ship |
| 18:26 | Create | Villager (Male) |
| 18:27 | Research | Castle Age |
| 18:31 | Build | House |
| 18:32 | Build | House |
| 18:33 | Build | House |
| 19:15 | Build | Farm |
| 19:26 | Build | Fish Trap |
| 19:31 | Build | Barracks |
| 20:00 | Create | Fishing Ship |
| 20:19 | Build | Stone Wall |
| 20:32 | Build | Stone Wall |
| 20:44 | Build | Fish Trap |
| 20:52 | Research | Tech 906 |
| 21:04 | Research | Horse Collar |
| 21:31 | Age | Castle Age |
| 21:38 | Build | Town Center |
| 21:43 | Create | Villager (Male) ×5 |
| 22:07 | Build | Stone Wall |
| 22:15 | Create | Villager (Male) |
| 22:40 | Create | Villager (Male) ×5 |
| 22:41 | Create | Villager (Male) |
| 22:45 | Create | Fishing Ship |
| 22:47 | Create | Fishing Ship |
| 23:06 | Create | Villager (Male) |
| 23:09 | Create | Villager (Male) |
| 23:09 | Create | Villager (Male) |
| 23:09 | Create | Villager (Male) |
| 23:09 | Create | Villager (Male) |
| 23:19 | Create | Fishing Ship |
| 23:31 | Build | Fish Trap |
| 23:35 | Research | Gillnets |
| 23:46 | Build | Town Center |
| 23:55 | Create | Villager (Male) |
| 23:57 | Create | Villager (Male) |
| 23:58 | Create | Villager (Male) |
| 23:58 | Create | Villager (Male) |
| 24:11 | Build | Fish Trap |
| 24:47 | Build | Town Center |
| 24:49 | Create | Villager (Male) |
| 24:50 | Create | Villager (Male) |
| 25:06 | Create | Villager (Male) ×5 |
| 25:17 | Build | Fish Trap |
| 25:28 | Research | Bow Saw |
| 25:28 | Research | Bow Saw |
| 25:32 | Research | Wheelbarrow |
| 25:35 | Create | Villager (Male) |
| 25:39 | Create | Villager (Male) |
| 25:46 | Create | Villager (Male) |
| 25:47 | Create | Villager (Male) |
| 26:02 | Build | House |
| 26:03 | Build | House |
| 26:03 | Build | House |
| 26:05 | Build | House |
| 26:40 | Research | Pikeman (upgrade) |
| 26:43 | Research | Squires |
| 26:47 | Research | Forging |
| 26:48 | Research | Scale Mail Armor |
| 26:51 | Create | Villager (Male) |
| 26:52 | Create | Villager (Male) |
| 26:52 | Create | Villager (Male) |
| 26:57 | Build | Barracks |
| 26:58 | Build | Barracks |
| 26:59 | Build | Barracks |
| 27:07 | Build | Siege Workshop |
| 27:09 | Build | Siege Workshop |
| 27:13 | Create | Villager (Male) |
| 27:17 | Research | Gold Mining |
| 27:17 | Research | Stone Mining |
| 27:27 | Build | House |
| 27:28 | Build | House |
| 27:29 | Build | House |
Build order — KDTS Gerry
First 150 of 858 actions detected
| 0:02 | Create | Villager (Male) |
| 0:02 | Create | Villager (Male) |
| 0:02 | Create | Villager (Male) |
| 0:03 | Create | Villager (Male) |
| 0:04 | Build | House |
| 0:06 | Build | House |
| 1:30 | Create | Villager (Male) |
| 1:30 | Create | Villager (Male) |
| 1:51 | Build | Lumber Camp |
| 2:07 | Create | Villager (Male) |
| 2:07 | Create | Villager (Male) |
| 2:07 | Create | Villager (Male) |
| 2:39 | Research | Loom |
| 2:56 | Create | Villager (Male) |
| 2:56 | Create | Villager (Male) |
| 2:56 | Create | Villager (Male) |
| 3:48 | Create | Villager (Male) |
| 3:49 | Create | Villager (Male) |
| 4:07 | Build | Mill |
| 4:10 | Create | Villager (Male) |
| 4:10 | Create | Villager (Male) |
| 4:11 | Create | Villager (Male) |
| 4:43 | Create | Villager (Male) |
| 4:43 | Create | Villager (Male) |
| 4:43 | Create | Villager (Male) |
| 4:48 | Build | House |
| 5:24 | Create | Villager (Male) |
| 5:24 | Create | Villager (Male) |
| 5:25 | Create | Villager (Male) |
| 5:25 | Create | Villager (Male) |
| 6:01 | Create | Villager (Male) |
| 6:02 | Create | Villager (Male) |
| 6:51 | Create | Villager (Male) |
| 6:51 | Create | Villager (Male) |
| 6:51 | Create | Villager (Male) |
| 6:52 | Create | Villager (Male) |
| 6:55 | Build | House |
| 7:22 | Build | Dock |
| 7:56 | Create | Villager (Male) |
| 7:56 | Create | Villager (Male) |
| 7:56 | Create | Villager (Male) |
| 7:56 | Create | Villager (Male) |
| 7:57 | Create | Villager (Male) |
| 8:25 | Build | House |
| 8:35 | Create | Fishing Ship |
| 8:36 | Create | Fishing Ship |
| 8:36 | Create | Fishing Ship |
| 8:42 | Build | House |
| 9:04 | Research | Feudal Age |
| 9:09 | Create | Villager (Male) |
| 9:38 | Create | Fishing Ship |
| 9:38 | Create | Fishing Ship |
| 9:52 | Build | House |
| 10:50 | Create | Villager (Male) |
| 11:20 | Build | Market |
| 11:24 | Build | Blacksmith |
| 11:57 | Create | Fishing Ship |
| 12:16 | Build | Mining Camp |
| 12:22 | Create | Villager (Male) |
| 12:23 | Create | Villager (Male) |
| 12:46 | Build | Mill |
| 12:52 | Create | Villager (Male) |
| 13:41 | Research | Castle Age |
| 14:18 | Build | Lumber Camp |
| 14:33 | Research | Double-Bit Axe |
| 14:50 | Build | Fish Trap |
| 15:03 | Build | Fish Trap |
| 15:14 | Build | Fish Trap |
| 15:24 | Build | Fish Trap |
| 15:34 | Build | Fish Trap |
| 16:20 | Create | Villager (Male) |
| 16:20 | Create | Villager (Male) |
| 16:36 | Build | Town Center |
| 16:43 | Create | Villager (Male) |
| 16:43 | Create | Villager (Male) |
| 17:32 | Build | Town Center |
| 17:36 | Create | Villager (Male) |
| 17:39 | Research | Bow Saw |
| 17:56 | Create | Villager (Male) |
| 17:56 | Create | Villager (Male) |
| 18:03 | Build | Farm |
| 18:06 | Build | Farm |
| 18:18 | Create | Villager (Male) |
| 18:18 | Create | Villager (Male) |
| 18:25 | Build | Farm |
| 18:43 | Build | Monastery |
| 18:45 | Create | Villager (Male) |
| 18:46 | Create | Villager (Male) |
| 18:52 | Build | Farm |
| 18:54 | Build | Farm |
| 19:01 | Create | Villager (Male) |
| 19:01 | Create | Villager (Male) |
| 19:01 | Create | Villager (Male) |
| 19:26 | Create | Villager (Male) |
| 19:26 | Create | Villager (Male) |
| 19:31 | Research | Horse Collar |
| 19:34 | Create | Villager (Male) |
| 19:34 | Create | Villager (Male) |
| 19:34 | Create | Villager (Male) |
| 19:36 | Create | Monk |
| 19:42 | Build | Farm |
| 19:45 | Create | Villager (Male) |
| 19:45 | Create | Villager (Male) |
| 19:48 | Build | House |
| 19:49 | Build | House |
| 19:51 | Build | House |
| 20:04 | Build | Farm |
| 20:04 | Build | Farm |
| 20:04 | Build | Farm |
| 20:04 | Build | Farm |
| 20:05 | Build | Farm |
| 20:05 | Build | Farm |
| 20:10 | Create | Villager (Male) |
| 20:10 | Create | Villager (Male) |
| 20:10 | Create | Villager (Male) |
| 20:18 | Build | House |
| 20:19 | Build | House |
| 20:28 | Create | Monk |
| 20:36 | Create | Villager (Male) |
| 20:36 | Create | Villager (Male) |
| 20:48 | Build | Farm |
| 20:49 | Create | Villager (Male) |
| 20:49 | Create | Villager (Male) |
| 20:49 | Create | Villager (Male) |
| 20:53 | Build | Farm |
| 21:08 | Build | Farm |
| 21:08 | Build | Farm |
| 21:08 | Build | Farm |
| 21:08 | Build | Farm |
| 21:08 | Build | Farm |
| 21:09 | Build | Farm |
| 21:09 | Build | Farm |
| 21:11 | Create | Villager (Male) |
| 21:11 | Create | Villager (Male) |
| 21:11 | Create | Villager (Male) |
| 21:11 | Create | Villager (Male) |
| 21:25 | Build | Farm |
| 21:30 | Create | Villager (Male) |
| 21:30 | Create | Villager (Male) |
| 21:30 | Create | Villager (Male) |
| 21:31 | Create | Villager (Male) |
| 21:48 | Create | Villager (Male) |
| 21:49 | Create | Villager (Male) |
| 21:49 | Create | Villager (Male) |
| 22:07 | Build | Mining Camp |
| 22:20 | Build | Farm |
| 22:20 | Build | Farm |
| 22:21 | Build | Farm |
| 22:21 | Build | Farm |
| 22:21 | Build | Farm |
Build order — xiaopengyu528
First 150 of 610 actions detected
| 0:10 | Build | House |
| 0:13 | Build | House |
| 0:14 | Create | Villager (Male) |
| 0:14 | Create | Villager (Male) |
| 0:34 | Create | Villager (Male) |
| 0:34 | Create | Villager (Male) |
| 0:34 | Create | Villager (Male) |
| 1:16 | Research | Loom |
| 2:54 | Create | Villager (Male) |
| 2:54 | Create | Villager (Male) |
| 2:54 | Create | Villager (Male) |
| 4:06 | Build | Palisade Wall |
| 4:11 | Create | Villager (Male) |
| 4:12 | Create | Villager (Male) |
| 5:15 | Create | Villager (Male) |
| 5:16 | Create | Villager (Male) |
| 5:16 | Create | Villager (Male) |
| 5:19 | Create | Villager (Male) |
| 6:01 | Create | Villager (Male) |
| 6:03 | Create | Villager (Male) |
| 6:22 | Build | House |
| 6:48 | Create | Villager (Male) |
| 7:04 | Build | Mill |
| 7:52 | Build | Lumber Camp |
| 7:58 | Create | Villager (Male) |
| 8:26 | Create | Villager (Male) |
| 8:45 | Build | House |
| 8:48 | Build | House |
| 8:56 | Create | Villager (Male) |
| 9:26 | Create | Villager (Male) |
| 9:29 | Create | Villager (Male) |
| 9:39 | Build | Mining Camp |
| 10:40 | Research | Feudal Age |
| 10:48 | Build | House |
| 12:34 | Create | Villager (Male) |
| 12:50 | Age | Feudal Age |
| 12:52 | Create | Villager (Male) |
| 13:08 | Create | Villager (Male) |
| 13:28 | Build | Stone Wall |
| 13:33 | Build | Stone Wall |
| 13:35 | Create | Villager (Male) |
| 13:39 | Research | Double-Bit Axe |
| 13:46 | Build | Dock |
| 13:49 | Create | Villager (Male) |
| 14:15 | Build | Mining Camp |
| 14:16 | Create | Villager (Male) |
| 14:27 | Build | House |
| 14:35 | Build | House |
| 14:38 | Create | Fishing Ship |
| 14:38 | Create | Fishing Ship |
| 14:57 | Create | Villager (Male) |
| 15:04 | Create | Villager (Male) |
| 15:07 | Create | Fishing Ship |
| 15:31 | Create | Villager (Male) |
| 15:38 | Build | House |
| 15:57 | Build | Blacksmith |
| 16:01 | Create | Fishing Ship |
| 16:18 | Create | Villager (Male) |
| 16:43 | Create | Villager (Male) |
| 16:53 | Create | Villager (Male) |
| 17:24 | Research | Castle Age |
| 17:49 | Create | Fishing Ship |
| 18:20 | Build | Outpost |
| 18:31 | Research | Stone Mining |
| 18:45 | Create | Fishing Ship |
| 18:58 | Build | Outpost |
| 19:24 | Build | Farm |
| 19:25 | Build | Farm |
| 19:26 | Build | Farm |
| 19:29 | Research | Horse Collar |
| 19:33 | Build | Farm |
| 19:34 | Build | Farm |
| 19:35 | Build | Farm |
| 19:44 | Build | Farm |
| 20:05 | Age | Castle Age |
| 20:10 | Build | Market |
| 20:20 | Build | Castle |
| 20:36 | Create | Villager (Male) |
| 20:37 | Create | Villager (Male) |
| 20:53 | Create | Villager (Male) |
| 21:03 | Build | Town Center |
| 21:06 | Create | Villager (Male) |
| 21:18 | Research | Bow Saw |
| 21:18 | Research | Bow Saw |
| 21:56 | Build | Farm |
| 22:01 | Create | Villager (Male) |
| 22:19 | Create | Villager (Male) |
| 22:20 | Create | Villager (Male) |
| 22:20 | Create | Villager (Male) |
| 22:20 | Create | Villager (Male) |
| 22:26 | Build | Fish Trap |
| 22:29 | Build | Fish Trap |
| 22:33 | Build | Fish Trap |
| 22:35 | Build | Fish Trap |
| 22:38 | Build | Fish Trap |
| 23:00 | Build | Fish Trap |
| 23:14 | Build | Farm |
| 23:17 | Create | Villager (Male) |
| 23:18 | Create | Villager (Male) |
| 23:18 | Create | Villager (Male) |
| 23:18 | Create | Villager (Male) |
| 23:29 | Build | Town Center |
| 23:37 | Create | Villager (Male) |
| 23:43 | Build | Farm |
| 23:44 | Build | Farm |
| 23:46 | Build | Farm |
| 24:13 | Build | Monastery |
| 24:15 | Create | Villager (Male) |
| 24:35 | Build | Lumber Camp |
| 24:59 | Build | Town Center |
| 25:05 | Create | Villager (Male) |
| 25:05 | Research | Wheelbarrow |
| 25:06 | Create | Villager (Male) |
| 25:12 | Build | Farm |
| 25:22 | Research | Gold Mining |
| 25:27 | Create | Villager (Male) |
| 25:27 | Create | Villager (Male) |
| 25:28 | Create | Villager (Male) |
| 25:28 | Create | Villager (Male) |
| 25:49 | Build | Farm |
| 25:50 | Build | Farm |
| 25:51 | Build | Farm |
| 25:52 | Build | Farm |
| 25:56 | Create | Monk |
| 26:03 | Create | Villager (Male) |
| 26:03 | Create | Villager (Male) |
| 26:04 | Create | Villager (Male) |
| 26:04 | Create | Villager (Male) |
| 26:05 | Create | Villager (Male) |
| 26:05 | Create | Villager (Male) |
| 26:12 | Research | Tech 906 |
| 26:13 | Research | Tech 906 |
| 26:16 | Create | Fishing Ship |
| 26:30 | Create | Villager (Male) |
| 26:30 | Create | Villager (Male) |
| 26:30 | Create | Villager (Male) |
| 26:31 | Create | Villager (Male) |
| 26:37 | Build | Farm |
| 26:48 | Build | Farm |
| 26:53 | Build | Farm |
| 26:54 | Build | Farm |
| 26:56 | Build | Farm |
| 27:00 | Build | House |
| 27:01 | Build | House |
| 27:01 | Build | House |
| 27:01 | Build | House |
| 27:02 | Build | House |
| 27:02 | Build | House |
| 27:02 | Build | House |
| 27:02 | Build | House |
Build order — 8Kram
First 150 of 550 actions detected
| 0:03 | Create | Villager (Male) |
| 0:03 | Create | Villager (Male) |
| 0:05 | Build | House |
| 0:07 | Build | House |
| 0:27 | Create | Villager (Male) |
| 0:29 | Build | House |
| 0:34 | Create | Villager (Male) |
| 0:34 | Create | Villager (Male) |
| 0:56 | Build | Mill |
| 1:39 | Create | Villager (Male) |
| 1:39 | Create | Villager (Male) |
| 2:14 | Create | Villager (Male) |
| 2:14 | Create | Villager (Male) |
| 2:35 | Create | Villager (Male) |
| 2:35 | Create | Villager (Male) |
| 3:07 | Create | Villager (Male) |
| 3:07 | Create | Villager (Male) |
| 3:36 | Create | Villager (Male) |
| 3:36 | Create | Villager (Male) |
| 3:36 | Create | Villager (Male) |
| 3:58 | Create | Villager (Male) |
| 3:58 | Create | Villager (Male) |
| 3:58 | Create | Villager (Male) |
| 4:48 | Create | Villager (Male) |
| 4:48 | Create | Villager (Male) |
| 5:12 | Create | Villager (Male) |
| 5:12 | Create | Villager (Male) |
| 5:46 | Build | House |
| 6:01 | Create | Villager (Male) |
| 6:02 | Create | Villager (Male) |
| 7:18 | Research | Feudal Age |
| 7:18 | Research | Feudal Age |
| 9:31 | Age | Feudal Age |
| 10:21 | Research | Castle Age |
| 12:00 | Build | Lumber Camp |
| 12:47 | Research | Double-Bit Axe |
| 12:51 | Research | Horse Collar |
| 13:01 | Age | Castle Age |
| 13:07 | Create | Villager (Male) |
| 13:24 | Research | Heavy Plow |
| 13:29 | Create | Villager (Male) |
| 13:29 | Create | Villager (Male) |
| 13:36 | Build | Farm |
| 13:40 | Build | Farm |
| 13:50 | Build | House |
| 14:02 | Build | Farm |
| 14:07 | Build | Farm |
| 14:26 | Build | Farm |
| 14:38 | Create | Villager (Male) |
| 14:38 | Create | Villager (Male) |
| 14:38 | Create | Villager (Male) |
| 14:53 | Build | Farm |
| 15:07 | Build | Farm |
| 15:12 | Create | Villager (Male) |
| 15:18 | Build | Farm |
| 15:26 | Build | Farm |
| 15:34 | Create | Villager (Male) |
| 15:35 | Create | Villager (Male) |
| 15:46 | Build | Farm |
| 15:55 | Build | House |
| 16:04 | Build | House |
| 16:09 | Build | House |
| 16:13 | Create | Villager (Male) |
| 16:13 | Create | Villager (Male) |
| 17:01 | Build | Town Center |
| 17:05 | Create | Villager (Male) |
| 17:17 | Research | Bow Saw |
| 17:17 | Research | Bow Saw |
| 17:34 | Create | Villager (Male) |
| 17:42 | Build | Farm |
| 17:57 | Research | Wheelbarrow |
| 17:57 | Research | Wheelbarrow |
| 18:44 | Create | Villager (Male) |
| 18:46 | Create | Villager (Male) |
| 18:54 | Build | Farm |
| 18:58 | Build | Farm |
| 19:02 | Build | Farm |
| 19:07 | Build | Farm |
| 19:10 | Create | Villager (Male) |
| 19:24 | Create | Villager (Male) |
| 19:29 | Build | Farm |
| 19:31 | Build | Farm |
| 19:59 | Create | Villager (Male) |
| 20:00 | Create | Villager (Male) |
| 20:08 | Build | Town Center |
| 20:24 | Create | Villager (Male) |
| 20:31 | Create | Villager (Male) |
| 20:31 | Create | Villager (Male) |
| 20:32 | Create | Villager (Male) |
| 20:32 | Create | Villager (Male) |
| 20:40 | Build | Farm |
| 20:41 | Build | Farm |
| 20:42 | Build | Farm |
| 20:48 | Build | Farm |
| 20:49 | Build | Farm |
| 20:54 | Build | Blacksmith |
| 21:04 | Create | Villager (Male) |
| 21:04 | Create | Villager (Male) |
| 21:21 | Build | Lumber Camp |
| 21:24 | Create | Villager (Male) |
| 21:24 | Create | Villager (Male) |
| 21:34 | Create | Villager (Male) |
| 21:34 | Create | Villager (Male) |
| 21:49 | Build | Farm |
| 22:03 | Create | Villager (Male) |
| 22:03 | Create | Villager (Male) |
| 22:04 | Create | Villager (Male) |
| 22:05 | Create | Villager (Male) |
| 22:17 | Research | Scale Barding Armor |
| 22:26 | Research | Loom |
| 22:26 | Create | Villager (Male) |
| 22:28 | Create | Villager (Male) |
| 22:45 | Build | Stable |
| 22:54 | Create | Villager (Male) |
| 22:56 | Create | Villager (Male) |
| 22:56 | Create | Villager (Male) |
| 22:58 | Create | Villager (Male) |
| 22:59 | Create | Villager (Male) |
| 23:08 | Build | House |
| 23:09 | Build | House |
| 23:16 | Build | House |
| 23:28 | Research | Town Watch |
| 23:39 | Build | House |
| 23:40 | Build | House |
| 23:46 | Build | Farm |
| 23:48 | Build | Farm |
| 23:48 | Build | Farm |
| 23:53 | Build | Farm |
| 23:54 | Build | Farm |
| 23:54 | Build | Farm |
| 23:54 | Build | Farm |
| 23:55 | Build | Farm |
| 23:55 | Build | Farm |
| 23:59 | Create | Villager (Male) |
| 24:00 | Create | Villager (Male) |
| 24:00 | Create | Villager (Male) |
| 24:14 | Build | Mill |
| 24:25 | Build | Monastery |
| 24:40 | Create | Villager (Male) |
| 24:40 | Create | Villager (Male) |
| 24:40 | Create | Villager (Male) |
| 24:41 | Create | Villager (Male) |
| 24:41 | Create | Villager (Male) |
| 24:41 | Create | Villager (Male) |
| 24:41 | Create | Villager (Male) |
| 24:42 | Create | Villager (Male) |
| 24:42 | Create | Villager (Male) |
| 24:42 | Create | Villager (Male) |
| 24:43 | Create | Villager (Male) |
| 24:58 | Build | Mining Camp |
Build order — SickkotzBert
First 150 of 821 actions detected
| 0:02 | Create | Villager (Male) |
| 0:02 | Create | Villager (Male) |
| 0:03 | Create | Villager (Male) |
| 0:07 | Build | House |
| 0:26 | Create | Villager (Male) |
| 0:26 | Create | Villager (Male) |
| 0:35 | Build | House |
| 1:49 | Create | Villager (Male) |
| 1:49 | Create | Villager (Male) |
| 2:16 | Create | Villager (Male) |
| 2:16 | Create | Villager (Male) |
| 2:47 | Create | Villager (Male) |
| 2:47 | Create | Villager (Male) |
| 2:47 | Create | Villager (Male) |
| 3:07 | Create | Villager (Male) |
| 3:07 | Create | Villager (Male) |
| 3:25 | Create | Villager (Male) |
| 3:49 | Build | House |
| 3:49 | Build | House |
| 3:57 | Create | Villager (Male) |
| 3:58 | Create | Villager (Male) |
| 3:58 | Create | Villager (Male) |
| 4:37 | Build | Mill |
| 5:24 | Create | Villager (Male) |
| 5:24 | Create | Villager (Male) |
| 5:25 | Create | Villager (Male) |
| 5:25 | Create | Villager (Male) |
| 5:25 | Create | Villager (Male) |
| 6:48 | Create | Villager (Male) |
| 6:49 | Create | Villager (Male) |
| 6:49 | Create | Villager (Male) |
| 6:56 | Build | Lumber Camp |
| 7:56 | Create | Villager (Male) |
| 7:56 | Create | Villager (Male) |
| 7:56 | Create | Villager (Male) |
| 8:09 | Create | Villager (Male) |
| 8:19 | Build | Dock |
| 8:43 | Research | Feudal Age |
| 9:06 | Build | House |
| 9:07 | Build | House |
| 9:08 | Build | House |
| 9:15 | Create | Fishing Ship |
| 9:15 | Create | Fishing Ship |
| 9:33 | Create | Villager (Male) |
| 9:33 | Create | Villager (Male) |
| 9:34 | Create | Villager (Male) |
| 9:59 | Build | Mill |
| 10:21 | Build | Mining Camp |
| 10:33 | Create | Fishing Ship |
| 10:49 | Age | Feudal Age |
| 10:54 | Create | Villager (Male) |
| 10:54 | Create | Villager (Male) |
| 10:58 | Research | Double-Bit Axe |
| 11:28 | Create | Villager (Male) |
| 11:36 | Create | Fishing Ship |
| 11:36 | Create | Fishing Ship |
| 11:54 | Create | Villager (Male) |
| 11:54 | Create | Villager (Male) |
| 12:48 | Build | Blacksmith |
| 12:56 | Research | Loom |
| 13:14 | Build | Market |
| 13:19 | Create | Villager (Male) |
| 13:51 | Build | Farm |
| 13:52 | Build | Farm |
| 13:59 | Build | Farm |
| 14:05 | Build | Mining Camp |
| 14:12 | Build | Farm |
| 14:15 | Create | Villager (Male) |
| 14:15 | Create | Villager (Male) |
| 14:16 | Create | Villager (Male) |
| 14:16 | Create | Villager (Male) |
| 14:16 | Create | Villager (Male) |
| 14:21 | Research | Horse Collar |
| 14:35 | Create | Transport Ship |
| 14:35 | Create | Fire Galley |
| 14:46 | Build | Farm |
| 14:52 | Create | Villager (Male) |
| 15:34 | Build | House |
| 15:35 | Build | House |
| 15:50 | Build | Farm |
| 15:52 | Build | Farm |
| 15:53 | Build | Farm |
| 15:55 | Build | Farm |
| 15:56 | Build | Farm |
| 15:57 | Build | Farm |
| 15:59 | Build | Farm |
| 16:08 | Create | Villager (Male) |
| 16:31 | Research | Castle Age |
| 16:41 | Build | Farm |
| 17:23 | Create | Villager (Male) |
| 17:23 | Create | Villager (Male) |
| 17:24 | Create | Villager (Male) |
| 17:24 | Create | Villager (Male) |
| 18:39 | Create | Villager (Male) |
| 18:40 | Create | Villager (Male) |
| 19:02 | Age | Castle Age |
| 19:08 | Build | Town Center |
| 19:16 | Build | Town Center |
| 19:21 | Create | Villager (Male) |
| 19:21 | Create | Villager (Male) |
| 19:31 | Build | Farm |
| 19:34 | Research | Bow Saw |
| 19:37 | Research | Heavy Plow |
| 19:55 | Create | Villager (Male) |
| 19:55 | Create | Villager (Male) |
| 19:56 | Create | Villager (Male) |
| 19:56 | Create | Villager (Male) |
| 19:56 | Create | Villager (Male) |
| 20:10 | Create | Villager (Male) |
| 20:10 | Create | Villager (Male) |
| 20:18 | Build | Farm |
| 20:19 | Build | Farm |
| 20:24 | Create | Villager (Male) |
| 20:24 | Create | Villager (Male) |
| 20:37 | Build | Fish Trap |
| 20:42 | Create | Villager (Male) |
| 20:42 | Create | Villager (Male) |
| 20:43 | Research | Loom |
| 20:50 | Create | Villager (Male) |
| 21:04 | Build | Fish Trap |
| 21:11 | Build | Fish Trap |
| 21:16 | Build | Fish Trap |
| 21:18 | Create | Fishing Ship |
| 21:22 | Create | Villager (Male) |
| 21:22 | Create | Villager (Male) |
| 21:25 | Create | Villager (Male) |
| 21:28 | Create | Villager (Male) |
| 21:43 | Build | House |
| 21:44 | Build | House |
| 21:46 | Build | House |
| 21:47 | Build | House |
| 21:48 | Build | House |
| 21:49 | Build | House |
| 22:12 | Build | Fish Trap |
| 22:22 | Create | Fishing Ship |
| 22:23 | Research | Tech 906 |
| 22:27 | Create | Villager (Male) |
| 22:27 | Create | Villager (Male) |
| 22:28 | Create | Villager (Male) |
| 22:32 | Create | Villager (Male) |
| 22:32 | Create | Villager (Male) |
| 22:35 | Create | Villager (Male) |
| 22:35 | Create | Villager (Male) |
| 22:53 | Create | Villager (Male) |
| 23:05 | Build | Farm |
| 23:07 | Build | Farm |
| 23:10 | Build | Farm |
| 23:12 | Build | Farm |
| 23:13 | Build | Farm |
| 23:16 | Build | Farm |
Match timeline
| 0:29 | hmmm · wall_segment Palisade Wall x14 |
| 0:33 | Sargez · wall_segment Palisade Wall x13 |
| 0:43 | Gyllnyllet · wall_segment Palisade Wall x11 |
| 0:45 | hmmm · wall_segment Palisade Wall x18 |
| 0:50 | FettNasty · wall_segment Palisade Wall x14 |
| 0:58 | Gyllnyllet · wall_segment Palisade Wall x9 |
| 1:34 | Sargez · wall_segment Palisade Wall x13 |
| 1:52 | hmmm · wall_segment Palisade Wall x1 |
| 2:01 | hmmm · wall_segment Palisade Wall x1 |
| 2:02 | Gyllnyllet · wall_segment Palisade Wall x8 |
| 2:14 | FettNasty · wall_segment Palisade Wall x12 |
| 2:28 | Sargez · wall_segment Palisade Wall x6 |
| 2:53 | hmmm · wall_segment Palisade Wall x9 |
| 4:06 | xiaopengyu528 · wall_segment Palisade Wall x8 |
| 5:35 | hmmm · wall_segment Palisade Wall x1 |
| 7:22 | KDTS Gerry · first_building Dock |
| 8:19 | SickkotzBert · first_building Dock |
| 9:31 | 8Kram · age_up feudal |
| 10:49 | SickkotzBert · age_up feudal |
| 12:20 | Gyllnyllet · first_building Dock |
| 12:24 | Sargez · age_up feudal |
| 12:34 | Sargez · wall_segment Stone Wall x9 |
| 12:39 | hmmm · age_up feudal |
| 12:50 | xiaopengyu528 · age_up feudal |
| 12:52 | Sargez · wall_segment Stone Wall x13 |
| 13:01 | 8Kram · age_up castle |
| 13:20 | KDTS Gerry · first_market_sell 100 wood |
| 13:28 | FettNasty · age_up feudal |
| 13:28 | xiaopengyu528 · wall_segment Stone Wall x8 |
| 13:33 | xiaopengyu528 · wall_segment Stone Wall x14 |
| 13:46 | xiaopengyu528 · first_building Dock |
| 13:47 | Gyllnyllet · age_up feudal |
| 14:48 | KDTS Gerry · first_market_buy 100 wood |
| 17:11 | hmmm · wall_segment Stone Wall x14 |
| 18:05 | hmmm · age_up castle |
| 18:43 | KDTS Gerry · first_building Monastery |
| 18:45 | Sargez · age_up castle |
| 19:02 | SickkotzBert · age_up castle |
| 19:19 | Sargez · wall_segment Stone Wall x10 |
| 19:28 | Sargez · wall_segment Stone Wall x12 |
| 19:31 | Gyllnyllet · first_building Barracks |
| 19:33 | FettNasty · first_building Barracks |
| 19:45 | Sargez · wall_segment Stone Wall x2 |
| 20:05 | xiaopengyu528 · age_up castle |
| 20:19 | Gyllnyllet · wall_segment Stone Wall x9 |
| 20:20 | xiaopengyu528 · first_building Castle |
| 20:32 | Gyllnyllet · wall_segment Stone Wall x9 |
| 20:36 | hmmm · wall_segment Stone Wall x2 |
| 20:40 | hmmm · wall_segment Stone Wall x17 |
| 20:42 | Sargez · first_building Monastery |
| 21:10 | hmmm · first_building Monastery |
| 21:31 | Gyllnyllet · age_up castle |
| 21:48 | FettNasty · age_up castle |
| 22:07 | Gyllnyllet · wall_segment Stone Wall x1 |
| 22:33 | FettNasty · first_building Archery Range |
| 22:45 | 8Kram · first_building Stable |
| 23:58 | SickkotzBert · first_building Castle |
| 24:13 | xiaopengyu528 · first_building Monastery |
| 24:25 | 8Kram · first_building Monastery |
| 24:30 | Sargez · wall_segment Stone Wall x12 |
| 24:58 | hmmm · first_building Castle |
| 25:55 | KDTS Gerry · first_building Castle |
| 26:19 | Sargez · wall_segment Stone Wall x32 |
| 27:07 | Gyllnyllet · first_building Siege Workshop |
| 27:19 | xiaopengyu528 · first_building Siege Workshop |
| 27:39 | KDTS Gerry · first_building Barracks |
| 27:47 | FettNasty · first_building Castle |
| 27:53 | xiaopengyu528 · first_market_buy 100 stone |
| 27:54 | xiaopengyu528 · first_market_sell 100 food |
| 28:00 | Sargez · wall_segment Stone Wall x26 |
| 28:25 | Sargez · wall_segment Stone Wall x17 |
| 28:33 | 8Kram · first_building Siege Workshop |
| 28:33 | Gyllnyllet · first_building Castle |
| 28:45 | 8Kram · first_market_sell 100 food |
| 28:49 | KDTS Gerry · first_building Stable |
| 29:50 | hmmm · first_building Barracks |
| 29:52 | KDTS Gerry · first_building Siege Workshop |
| 30:01 | xiaopengyu528 · wall_segment Stone Wall x10 |
| 30:16 | xiaopengyu528 · wall_segment Stone Wall x21 |
| 30:34 | SickkotzBert · first_building Monastery |
| 30:44 | 8Kram · first_market_buy 100 stone |
| 30:53 | 8Kram · first_building Castle |
| 31:03 | xiaopengyu528 · first_building Archery Range |
| 31:31 | hmmm · age_up imperial |
| 32:01 | 8Kram · age_up imperial |
| 32:08 | Sargez · wall_segment Stone Wall x3 |
| 32:35 | xiaopengyu528 · wall_segment Stone Wall x12 |
| 32:53 | Sargez · first_building Siege Workshop |
| 33:12 | Sargez · wall_segment Stone Wall x6 |
| 33:19 | Sargez · wall_segment Stone Wall x2 |
| 33:24 | FettNasty · age_up imperial |
| 33:30 | hmmm · first_building Siege Workshop |
| 34:04 | xiaopengyu528 · age_up imperial |
| 34:10 | Sargez · age_up imperial |
| 34:22 | Sargez · first_building Castle |
| 34:25 | SickkotzBert · age_up imperial |
| 34:46 | xiaopengyu528 · first_building Stable |
| 35:32 | Sargez · wall_segment Stone Wall x1 |
| 35:42 | Sargez · wall_segment Stone Wall x1 |
| 36:33 | Sargez · wall_segment Stone Wall x4 |
| 37:47 | SickkotzBert · first_building Barracks |
| 38:10 | Gyllnyllet · age_up imperial |
| 38:18 | Gyllnyllet · first_market_sell 500 wood |
| 38:23 | KDTS Gerry · first_building Archery Range |
| 38:37 | hmmm · first_market_sell 100 wood |
| 38:40 | hmmm · first_market_buy 100 food |
| 38:59 | SickkotzBert · first_building Archery Range |
| 39:41 | FettNasty · first_market_sell 100 wood |
| 40:33 | Sargez · wall_segment Stone Wall x7 |
| 42:02 | Sargez · wall_segment Stone Wall x4 |
| 43:29 | Sargez · wall_segment Stone Wall x4 |
| 44:32 | Gyllnyllet · first_building Stable |
| 44:55 | Sargez · wall_segment Stone Wall x6 |
| 47:04 | Sargez · wall_segment Stone Wall x3 |
| 48:17 | Sargez · wall_segment Stone Wall x4 |
| 49:40 | SickkotzBert · first_market_sell 100 food |
| 51:45 | FettNasty · resign |
| 53:46 | 8Kram · first_building Barracks |
| 54:15 | Sargez · wall_segment Stone Wall x5 |
| 54:16 | xiaopengyu528 · wall_segment Stone Wall x9 |
| 54:58 | xiaopengyu528 · wall_segment Stone Wall x9 |
| 55:50 | xiaopengyu528 · wall_segment Stone Wall x12 |
| 56:28 | Sargez · wall_segment Stone Wall x3 |
| 57:07 | SickkotzBert · wall_segment Stone Wall x13 |
| 60:37 | SickkotzBert · wall_segment Stone Wall x9 |
| 61:06 | Gyllnyllet · wall_segment Stone Wall x11 |
| 62:18 | Gyllnyllet · tribute_sent a jugador 1 |
| 62:18 | Gyllnyllet · tribute_sent a jugador 2 |
| 62:18 | Gyllnyllet · tribute_sent a jugador 3 |
| 62:18 | Gyllnyllet · tribute_sent a jugador 5 |
| 62:18 | Gyllnyllet · tribute_sent a jugador 6 |
| 62:18 | Gyllnyllet · tribute_sent a jugador 7 |
| 62:18 | Gyllnyllet · tribute_sent a jugador 8 |
| 62:55 | SickkotzBert · wall_segment Stone Wall x8 |
| 63:17 | Sargez · first_building Barracks |
| 63:25 | Gyllnyllet · first_building Monastery |
| 64:32 | hmmm · first_building Stable |
| 64:57 | SickkotzBert · wall_segment Stone Wall x12 |
| 68:50 | Sargez · first_market_sell 100 stone |
| 69:00 | 8Kram · wall_segment Stone Wall x12 |
| 70:12 | SickkotzBert · wall_segment Stone Wall x8 |
| 71:20 | Sargez · first_building Stable |
[ AI ANALYSIS · 1 CREDIT ]
What really happened in this match?
Wolo.gg analyzes every decision: build order, eco, micro, common mistakes by bracket. Personalized analysis on WhatsApp or Discord in 30 seconds.
Civ guide
Vietnamese
Map guide
Black Forest
Perfil
Jugador #4909621